 Dungeon Crawl Stone Soup version 0.31-a0-202-g547052bce9 (webtiles) character file.

Game seed: 12043645739916892240

56 qw the Shooter (level 3, 0/20 HPs)
             Began as a Deep Elf Hunter on June 26, 2023.
             Succumbed to a scorpion's poison
             ... on level 4 of the Dungeon.
             The game lasted 00:00:32 (1076 turns).

qw the Shooter (Deep Elf Hunter)                    Turns: 1076, Time: 00:00:33

Health: 0/20       AC:  4    Str: 10    XL:     3   Next: 71%
Magic:  5/5        EV: 12    Int: 13    God:
Gold:   73         SH:  0    Dex: 18    Spells: 2/2 levels left

rFire   . . .        Y - +0 shortbow
rCold   . . .        (shield currently unavailable)
rNeg    . . .        c - +0 leather armour
rPois   .            (no helmet)
rElec   .            (no cloak)
rCorr   .            e - +0 pair of gloves
SInv    .            (no boots)
Will    .....        (no amulet)
Stlth   ++           (no ring)
HPRegen 0.23/turn    (no ring)
MPRegen 0.09/turn

%: no passive effects
@: lethally poisoned (0 -> -4), about to teleport
A: no striking features
a: no special abilities


You were on level 4 of the Dungeon.
You visited 1 branch of the dungeon, and saw 3 of its levels.

You collected 73 gold pieces.


   Skills:
 - Level 1.5 Fighting
 + Level 7.2 Ranged Weapons
 - Level 2.4 Dodging
 - Level 1.2 Stealth


You had 2 spell levels left.
You didn't know any spells.
Your spell library was empty.

Inventory:

Hand Weapons
 Y - a +0 shortbow (weapon)
Armour
 c - a +0 leather armour (worn)
 e - a +0 pair of gloves (worn)
Potions
 b - a potion of ambrosia {unknown}

Dungeon Overview and Level Annotations

Branches:
Dungeon (2/15)

Altars:

Shops:
D:1 [


Message History

You shoot an arrow. The arrow barely misses the kobold.
You shoot an arrow. The arrow barely misses the kobold.
The kobold throws a stone.
The stone misses you.
You shoot an arrow. The arrow hits the kobold.
You kill the kobold!
Things that are here:
a +0 whip; 2 stones; a kobold corpse A scorpion comes into view.
You shoot an arrow.
The arrow hits the scorpion but does no damage.
You shoot an arrow. The arrow hits the scorpion.
The scorpion is moderately wounded.
You shoot an arrow.
The arrow hits the scorpion but does no damage.
The scorpion is moderately wounded.
You shoot an arrow. The arrow hits the scorpion.
The scorpion is moderately wounded.
You shoot an arrow.
The arrow hits the scorpion but does no damage.
The scorpion is moderately wounded.
The scorpion stings you.
You are poisoned.
The scorpion poisons you!
You shoot an arrow. The arrow closely misses the scorpion.
You feel very sick. The scorpion stings you. x2
You shoot an arrow.
The arrow hits the scorpion but does no damage.
The scorpion is moderately wounded.
You feel very sick. The scorpion closely misses you.
You shoot an arrow. The arrow closely misses the scorpion.
You feel sick. The scorpion misses you.
You shoot an arrow.
The arrow completely misses the scorpion.
You feel sick. The scorpion stings you.
1076 ||| READING scroll of teleportation.
As you read the scroll of teleportation, it crumbles to dust.
You feel strangely unstable.
You die...

#.####.####.##
#.# ##)###...#
#.# #.........
#.#
.###.##.#...#
#.#
......)....##
#.##
####.........
#..
........#####
#s#
####.##......
#@# #.##.####.
#.# #....# #.#
#.#..#
#.#######.#..#
#............#
#)#######.#..#
#.# #.#<.# #.#
#.#..##### #.#
#.#.......


You could see a scorpion.

Vanquished Creatures
  A worm (D:2)
  A dart slug (D:4)
  6 ball pythons
  4 bats (D:1)
  4 endoplasms
  3 giant cockroaches
  3 goblins
  5 hobgoblins (D:1)
  4 kobolds
  6 quokkas
  4 frilled lizards
  5 rats
46 creatures vanquished.

Notes
Turn   | Place    | Note
-------+----------+-------------------------------------------
     0 | D:1      | qw the Deep Elf Hunter began the quest for the Orb.
     0 | D:1      | Reached XP level 1. HP: 12/12 MP: 3/3
     0 | D:1      | 0 ||| qw: Version: 0.3-a-22-g0ed2b0b
     0 | D:1      | 0 ||| qw: Game counter: 6206
     0 | D:1      | 0 ||| qw: Melee chars always use a shield: true
     0 | D:1      | 0 ||| qw: God list: Okawaru
     0 | D:1      | 0 ||| qw: Allow faded altars: false
     0 | D:1      | 0 ||| qw: Do Orc after clearing Dungeon:15 true
     0 | D:1      | 0 ||| qw: Do second Lair branch before Depths: true
     0 | D:1      | 0 ||| qw: Lair rune preference: random
     0 | D:1      | 0 ||| qw: Goals: Normal
     0 | D:1      | 0 ||| PLANNING D:1-11
    73 | D:1      | Reached skill level 6 in Ranged Weapons
    73 | D:1      | Reached XP level 2. HP: 16/16 MP: 4/4
   302 | D:1      | Reached XP level 3. HP: 18/20 MP: 5/5
   429 | D:1      | Found Mymex's Antique Armour Shop.
   434 | D:1      | 434 ||| SHOPLISTING embroidered robe (81 gold, have 21).
   434 | D:1      | 434 ||| SHOPLISTING ring mail (88 gold, have 21).
   434 | D:1      | 434 ||| SHOPLISTING scale mail (88 gold, have 21).
   434 | D:1      | 434 ||| SHOPLISTING shiny ring mail (154 gold, have 21).
   772 | D:1      | 772 ||| UPGRADING to +0 pair of gloves.
   777 | D:1      | 777 ||| READING 2 scrolls labelled WYDYLL ICOKU.
   781 | D:1      | 781 ||| DROPPING scroll of butterflies.
   896 | D:2      | Reached skill level 7 in Ranged Weapons
   933 | D:2      | You fall into a shaft and drop 2 floors!
  1066 | D:4      | Noticed a scorpion
  1075 | D:4      | HP: 4/20 [poisoned by a scorpion]
  1075 | D:4      | HP: 1/20 [scorpion (3)]
  1076 | D:4      | 1076 ||| READING scroll of teleportation.
  1076 | D:4      | Succumbed to a scorpion's poison

Levels and vault maps discovered:
D:1:      lemuel_arrival_lava_pool, layout_basic, serial_shops, shop_fountains
D:2:      layout_loops_ring, basic_altar
D:4:      layout_loops_ring, grunt_ministairs_1

Skill      XL: |  1  2  3 |
---------------+----------+-----
Ranged Weapons | 6 7 |  7.2
Fighting       | |  1.5
Dodging        | |  2.4
Stealth        | |  1.2

Action                     || total
---------------------------++-------
   Fire: Shortbow          ||   142
    Use: Scroll            ||     2
 Armour: Leather armour    ||     9
  Dodge: Dodged            ||    20

Table legend:
 A = Non-vault XP
 B = Vault XP
 C = Vault XP percentage of total XP
 D = Non-vault monster count
 E = Vault monster count
 F = Vault count percentage of total count
                 A         B        C        D         E       F
            +---------+---------+-------+---------+---------+-------
      Total |      81 |       0 |   0.0 |      46 |       0 |   0.0
            +---------+---------+-------+---------+---------+-------
        D:1 |      53 |       0 |   0.0 |      31 |       0 |   0.0
        D:2 |      18 |       0 |   0.0 |      10 |       0 |   0.0
        D:4 |      10 |       0 |   0.0 |       5 |       0 |   0.0
            +---------+---------+-------+---------+---------+-------
